 Dungeon Crawl Stone Soup version bcrawl-1.12-11-gb93c957c58 (webtiles) character file.

Game seed: 6787478448546543749

373 MisterOstroum the Charmwright (level 6, -1/51 HPs)
             Began as a Gnoll Skald on June 26, 2019.
             Slain by Natasha (5 damage)
             ... on level 3 of the Dungeon.
             The game lasted 00:04:21 (3265 turns).

MisterOstroum the Charmwright (Gnoll Skald)         Turns: 3265, Time: 00:04:22

Health: -1/51      AC:  3    Str: 15    XL:     6   Next: 71%
Magic:  11/14      EV: 14    Int: 16    God:
Gold:   160        SH:  0    Dex: 14    Spells: 6/15 levels left

rFire    . . .     SeeInvis .   a - +0 hand axe
rCold    . . .     Gourm    .   (no shield)
rNeg     . . .     Faith    .   b - +0 leather armour
rPois    .         Spirit   .   (no helmet)
rElec    .         Reflect  .   (no cloak)
rCorr    .         Harm     .   (no gloves)
MR       .....                  (no boots)
Stlth    ++........             (no amulet)
HPRegen  0.17/turn              (no ring)
MPRegen  0.14/turn              (no ring)

@: singing
A: distributed training, fangs 1, strong nose
a: no special abilities


You were on level 3 of the Dungeon.
You were not hungry.

You visited 1 branch of the dungeon, and saw 3 of its levels.

You collected 160 gold pieces.

Inventory:

Hand Weapons
 a - a +0 hand axe (weapon)
Missiles
 g - 462 stones (quivered)
Armour
 b - a +0 leather armour (worn)
 i - a +1 pair of gloves
 k - a +0 pair of gloves
 m - a +0 pair of gloves
Scrolls
 d - 2 scrolls of fear {!r}
 h - 2 scrolls of immolation {unknown}
 j - 6 scrolls of identify {unknown}
 n - 3 scrolls of remove curse {unknown}
 o - a scroll of blinking {unknown}
Potions
 f - a potion of flight {unknown}
 l - a potion of agility {unknown}
Comestibles
 c - 5 chunks of flesh
 e - 7 rations {!d}


   Skills:
 + Level 5.0 Fighting
 + Level 2.0 Short Blades
 + Level 2.0 Long Blades
 + Level 5.0 Axes
 + Level 2.0 Maces & Flails
 + Level 2.0 Polearms
 + Level 2.0 Staves
 + Level 2.0 Slings
 + Level 2.0 Bows
 + Level 2.0 Crossbows
 + Level 2.0 Throwing
 + Level 3.3 Armour
 + Level 5.0 Dodging
 + Level 2.0 Stealth
 + Level 2.0 Shields
 + Level 2.0 Unarmed Combat
 + Level 5.4 Spellcasting
 + Level 1.6 Conjurations
 + Level 1.6 Hexes
 + Level 5.7 Charms
 + Level 1.6 Summonings
 + Level 1.6 Necromancy
 + Level 1.6 Translocations
 + Level 1.6 Transmutations
 + Level 1.6 Fire Magic
 + Level 1.6 Ice Magic
 + Level 1.6 Air Magic
 + Level 1.6 Earth Magic
 + Level 1.6 Poison Magic
 + Level 2.2 Invocations
 + Level 2.0 Evocations


You had 6 spell levels left.
You knew the following spells:

 Your Spells              Type           Power        Failure   Level  Hunger
a - Infusion              Chrm           ###.....     1%          1    None
b - Song of Slaying       Chrm           ###.....     2%          2    #......
c - Spectral Weapon       Hex/Chrm       ###.....     12%         3    ###....
d - Ozocubu's Armour      Chrm/Ice       ###.....     12%         3    ###....

Your spell library contained the following spells:

 Spells                   Type           Power        Failure   Level  Hunger
 Regeneration             Chrm/Necr      ###.......   12%         3    ###....
 Confuse                  Hex            #.......     28%         3    ###....
 Dazzling Spray           Conj/Hex       #.....       28%         3    ###....
 Petrify                  Tmut/Erth      #.......     67%         4    ####...
 Yara's Violent Unravell  Hex/Tmut       #.........   67%         4    ####...
 Metabolic Englaciation   Hex/Ice        #.........   95%         5    ######.


Dungeon Overview and Level Annotations

Branches:
Dungeon (3/12)

Altars:
Nemelex Xobeh
Uskayaw
Xom
Zin

Annotations:
D:3 Natasha


Innate Abilities, Weirdness & Mutations

Your experience applies equally to all skills.
You have very sharp teeth.
Your uncanny sense of smell can sniff out nearby items.


Message History

Throwing (i - inventory)
g - 296 stones (quivered)
Press: ? - help, Shift-Dir - straight line, f/p - frilled lizard
Aim: a frilled lizard (heavily wounded, haloed)
You throw a stone. The stone hits the frilled lizard.
You kill the frilled lizard!
The angel stares off into space for a moment.
No reachable target in view!
No reachable target in view!
No reachable target in view!
No reachable target in view!
No reachable target in view!
The angel lectures its feet at length about avoiding mutations.
g - 464 stones (gained 169)
n - 3 scrolls labeled REMUDE KEOCZO (gained 1)
An adder comes into view.
An adder is nearby!
An adder is nearby!
Throwing (i - inventory)
g - 464 stones (quivered)
Press: ? - help, Shift-Dir - straight line, f - adder
Aim: an adder (resting)
You throw a stone.
The stone hits the adder but does no damage.
The adder hisses angrily.
No target in view!
No target in view!
No target in view!
No target in view!
No target in view!
Casting: Infusion (safe; 1% risk of failure)
Confirm with . or Enter, or press ? or * to list all spells.
You begin infusing your attacks with magical energy.
Throwing (i - inventory)
g - 463 stones (quivered)
Press: ? - help, Shift-Dir - straight line, f/p - adder
Aim: an adder You throw a stone.
The stone completely misses the adder.
You slash the adder!
You kill the adder!
No target in view!
No target in view!
No target in view!
No target in view!
No target in view!
No target in view!
No target in view!
No target in view!
No target in view!
No target in view!
No target in view!
No target in view!
No target in view!
No target in view!
No target in view!
Your magical infusion is running out.
Natasha, Servant of Life and Death comes into view.
You are no longer magically infusing your attacks.
Casting: Infusion (safe; 1% risk of failure)
Confirm with . or Enter, or press ? or * to list all spells.
You draw out your weapon's spirit!
Natasha hisses angrily.
Natasha casts a spell.
Natasha drinks a potion.
Natasha flickers and vanishes!
Deactivating autopickup; reactivate with Ctrl-A.
Casting: Spectral Weapon (safe; 12% risk of failure)
Confirm with . or Enter, or press ? or * to list all spells.
You start singing a song of slaying.
The crimson imp hits you but does no damage.
You barely miss the crimson imp.
Your spectral weapon hits the crimson imp.
The crimson imp closely misses you.
You hit the crimson imp.
The crimson imp is moderately wounded.
You miss something.
Your spectral weapon hits the crimson imp.
Your spectral weapon hits something.
Something claws you. The crimson imp hits you.
You barely miss the crimson imp.
The crimson imp is heavily wounded.
You hit something.
Your spectral weapon hits the crimson imp.
Your spectral weapon closely misses something.
Something claws you! The crimson imp barely misses you.
You hit the crimson imp.
You kill the crimson imp!
You miss something. Something claws you.
You closely miss something. Something barely misses you.
You barely miss something. Something claws you.
You barely miss something. Something claws you.
You barely miss something. Something claws you.
You closely miss something. Your punch misses something. Something claws you.
You slash something! Something claws you but does no damage.
You barely miss something. Something claws you but does no damage.
Something claws you.
* * * LOW HITPOINT WARNING * * *
You closely miss something.
You hear some strange, mumbled words.
A magic dart appears from out of thin air!
The magic dart hits you!
* * * LOW HITPOINT WARNING * * *
You barely miss something. Something claws you.
You die...

#.....................###.#.
#....................##...##
###...................#####..#
#.....................#÷.÷##.÷
#....................##....#..
#...........#........#....##..
#...........#........#....###.
#...........#........##÷####..
#...........#@(...... ##.##..#
#...........#.{...... ##...##
#############.####### #####
#.# #.. ##. . .. ∆


You could see a friendly spectral +0 hand axe.

Vanquished Creatures
  Sigmund (D:3)
  A scorpion (D:3)
  An orc priest (D:2)
  An orc wizard (D:2)
  3 adders
  An ooze (D:2)
  4 worms (D:2)
  3 dart slugs
  4 leopard geckos
  3 orcs
  A ball python (D:1)
  2 bats (D:2)
  2 giant cockroaches
  9 goblins
  6 hobgoblins
  7 kobolds
  3 quokkas
  8 frilled lizards
  2 rats
62 creatures vanquished.

Vanquished Creatures (others)
  A giant cockroach (D:3)
1 creature vanquished.

Grand Total: 63 creatures vanquished

Notes
Turn   | Place    | Note
-------+----------+-------------------------------------------
     0 | D:1      | MisterOstroum the Gnoll Skald began the quest for the Orb.
     0 | D:1      | Reached XP level 1. HP: 20/20 MP: 6/6
   381 | D:1      | Reached XP level 2. HP: 18/26 MP: 7/7
   393 | D:1      | Learned a level 2 spell: Song of Slaying
  1042 | D:1      | Found a sparkling altar of Nemelex Xobeh.
  1137 | D:1      | Reached XP level 3. HP: 22/31 MP: 9/9
  1331 | D:1      | Learned a level 3 spell: Spectral Weapon
  1335 | D:1      | Learned a level 3 spell: Ozocubu's Armour
  1375 | D:2      | Reached skill level 5 in Spellcasting
  1463 | D:2      | Reached skill level 1 in Invocations
  1752 | D:2      | Reached skill level 1 in Short Blades
  1752 | D:2      | Reached skill level 1 in Long Blades
  1752 | D:2      | Reached skill level 1 in Maces & Flails
  1752 | D:2      | Reached skill level 1 in Polearms
  1752 | D:2      | Reached skill level 1 in Staves
  1752 | D:2      | Reached skill level 1 in Slings
  1752 | D:2      | Reached skill level 1 in Bows
  1752 | D:2      | Reached skill level 1 in Crossbows
  1752 | D:2      | Reached skill level 1 in Throwing
  1752 | D:2      | Reached skill level 1 in Stealth
  1752 | D:2      | Reached skill level 1 in Shields
  1752 | D:2      | Reached skill level 1 in Unarmed Combat
  1752 | D:2      | Reached skill level 1 in Evocations
  1754 | D:2      | Reached XP level 4. HP: 15/38 MP: 11/11
  1777 | D:2      | Reached skill level 1 in Conjurations
  1777 | D:2      | Reached skill level 1 in Hexes
  1777 | D:2      | Reached skill level 1 in Summonings
  1777 | D:2      | Reached skill level 1 in Necromancy
  1777 | D:2      | Reached skill level 1 in Translocations
  1777 | D:2      | Reached skill level 1 in Transmutations
  1777 | D:2      | Reached skill level 1 in Fire Magic
  1777 | D:2      | Reached skill level 1 in Ice Magic
  1777 | D:2      | Reached skill level 1 in Air Magic
  1777 | D:2      | Reached skill level 1 in Earth Magic
  1777 | D:2      | Reached skill level 1 in Poison Magic
  1777 | D:2      | Reached XP level 5. HP: 12/43 MP: 1/12
  2222 | D:2      | Found a sparkling altar of Nemelex Xobeh.
  2849 | D:3      | Noticed Sigmund
  2858 | D:3      | Killed Sigmund
  2858 | D:3      | Reached skill level 5 in Fighting
  2858 | D:3      | Reached skill level 5 in Axes
  2858 | D:3      | Reached skill level 5 in Dodging
  2858 | D:3      | Reached XP level 6. HP: 48/51 MP: 4/14
  3086 | D:3      | Found a hide-covered altar of Uskayaw.
  3193 | D:3      | Found a glowing silver altar of Zin.
  3193 | D:3      | Noticed an angel
  3195 | D:3      | Found a shimmering altar of Xom.
  3247 | D:3      | Noticed Natasha
  3265 | D:3      | Slain by Natasha

Skill      XL: |  1  2  3  4  5  6 |
---------------+-------------------+-----
Spellcasting   | 5 |  5.4
Invocations    | 1 2 |  2.2
Short Blades   | 1 2 |  2.0
Long Blades    | 1 2 |  2.0
Maces & Flails | 1 2 |  2.0
Polearms       | 1 2 |  2.0
Staves         | 1 2 |  2.0
Slings         | 1 2 |  2.0
Bows           | 1 2 |  2.0
Crossbows      | 1 2 |  2.0
Throwing       | 1 2 |  2.0
Stealth        | 1 2 |  2.0
Shields        | 1 2 |  2.0
Unarmed Combat | 1 2 |  2.0
Evocations     | 1 2 |  2.0
Conjurations   | 1 |  1.6
Hexes          | 1 |  1.6
Summonings     | 1 |  1.6
Necromancy     | 1 |  1.6
Translocations | 1 |  1.6
Transmutations | 1 |  1.6
Fire Magic     | 1 |  1.6
Ice Magic      | 1 |  1.6
Air Magic      | 1 |  1.6
Earth Magic    | 1 |  1.6
Poison Magic   | 1 |  1.6
Fighting       | 5 |  5.0
Axes           | 5 |  5.0
Armour         | 3 |  3.3
Dodging        | 5 |  5.0
Charms         | |  5.7

Action                   |  1- 3 |  4- 6 || total
-------------------------+-------+-------++-------
Melee: Hand axe          |    93 |   103 ||   196
       Bite              |     7 |    12 ||    19
Throw: Stone             |    56 |    71 ||   127
 Cast: Infusion          |     4 |     9 ||    13
       Spectral Weapon   |       |     4 ||     4
       Song of Slaying   |       |     1 ||     1
  Use: Potion            |       |     1 ||     1
  Eat: Chunk             |     3 |     5 ||     8
Armor: Leather armour    |    10 |    14 ||    24
Dodge: Dodged            |    56 |    61 ||   117
